| TOP OF THE 1ST |
|
Jackson Generals batting - Pitching for Midland RockHounds : RHP John Barney
|
|
Pitching: RHP John Barney
|
|
|
Batting: RHB Sean Peake
|
0-0: Swinging Strike 0-1: Called Strike 0-2: Strikes out swinging
|
|
Batting: RHB Josh Ruhl
|
0-0: Ball 1-0: Foul Ball, location: 2F 1-1: Called Strike 1-2: Ball 2-2: Strikes out looking
|
|
Batting: LHB Tom Reynolds
|
0-0: Ball 1-0: Called Strike 1-1: Swinging Strike 1-2: Ball 2-2: SINGLE (Flyball, 4D, EV 80.6 MPH)
|
|
Batting: LHB Jawad Fahad
|
0-0: Fielders Choice at 2nd, 6-4 (Groundball, 6, EV 110.0 MPH)
|
| Top of the 1st over - 0 runs, 1 hit, 0 errors, 1 left on base; Jackson 0 - Midland 0 |
| BOTTOM OF THE 1ST |
|
Midland RockHounds batting - Pitching for Jackson Generals : RHP Justin Wilkins
|
|
Pitching: RHP Justin Wilkins
|
|
|
Batting: LHB Zachary DeLuca
|
0-0: Foul Ball, location: 2F 0-1: Ball 1-1: Ball 2-1: Foul Ball, location: 2F 2-2: Ground out 1-3 (Groundball, 15S, EV 74.4 MPH)
|
|
Batting: SHB Rich Muniz
|
0-0: Ball 1-0: SOLO HOME RUN (Flyball, 7D, EV 101.9 MPH), Distance : 374 ft
|
|
Batting: LHB John Shults
|
0-0: Foul Ball, location: 2F 0-1: Foul Ball, location: 2F 0-2: Foul Ball, location: 2F 0-2: Ground out U3 (Groundball, 3, EV 90.0 MPH)
|
|
Batting: RHB Luis Restrepo
|
0-0: Ball 1-0: Called Strike 1-1: Ball 2-1: Called Strike 2-2: Fly out, F9 (Line Drive, 89M, EV 88.8 MPH)
|
| Bottom of the 1st over - 1 run, 1 hit, 0 errors, 0 left on base; Jackson 0 - Midland 1 |
| TOP OF THE 2ND |
|
Jackson Generals batting - Pitching for Midland RockHounds : RHP John Barney
|
|
Batting: RHB Micah Roth
|
0-0: Called Strike 0-1: Ball 1-1: Ground out 4-3 (Groundball, 4, EV 107.5 MPH)
|
|
Batting: SHB Tony de Lara
|
0-0: Called Strike 0-1: Called Strike 0-2: Strikes out swinging
|
|
Batting: RHB Salvador Avina
|
0-0: Ball 1-0: Ball 2-0: Ball 3-0: Called Strike 3-1: Swinging Strike 3-2: Strikes out swinging
|
| Top of the 2nd over - 0 runs, 0 hits, 0 errors, 0 left on base; Jackson 0 - Midland 1 |
| BOTTOM OF THE 2ND |
|
Midland RockHounds batting - Pitching for Jackson Generals : RHP Justin Wilkins
|
|
Batting: RHB Danny Heikkila
|
0-0: Called Strike 0-1: Swinging Strike 0-2: Ground out 6-3 (Groundball, 6, EV 105.0 MPH)
|
|
Batting: RHB Eduardo Chavez
|
0-0: Ball 1-0: Swinging Strike 1-1: Ball 2-1: Swinging Strike 2-2: Ball 3-2: Strikes out swinging
|
|
Batting: RHB Carlos Ballesteros
|
0-0: Called Strike 0-1: Ball 1-1: SINGLE (Line Drive, 3D, EV 103.1 MPH)
|
|
Batting: RHB Armando Estrada
|
0-0: Ball 1-0: Called Strike 1-1: Ball 2-1: Fly out, F9 (Flyball, 9, EV 73.8 MPH)
|
| Bottom of the 2nd over - 0 runs, 1 hit, 0 errors, 1 left on base; Jackson 0 - Midland 1 |
| TOP OF THE 3RD |
|
Jackson Generals batting - Pitching for Midland RockHounds : RHP John Barney
|
|
Batting: RHB Clay Statum
|
0-0: Called Strike 0-1: Foul Ball, location: 2F 0-2: Ball 1-2: Strikes out swinging
|
|
Batting: RHB Matt Berkley
|
0-0: Swinging Strike 0-1: Foul Ball, location: 2F 0-2: Ground out 5-3 (Groundball, 5, EV 85.6 MPH)
|
|
Batting: RHB Sean Peake
|
0-0: Swinging Strike 0-1: Swinging Strike 0-2: Ball 1-2: Ball 2-2: Ball 3-2: Strikes out looking
|
| Top of the 3rd over - 0 runs, 0 hits, 0 errors, 0 left on base; Jackson 0 - Midland 1 |
| BOTTOM OF THE 3RD |
|
Midland RockHounds batting - Pitching for Jackson Generals : RHP Justin Wilkins
|
|
Batting: SHB Ian Finley
|
0-0: Called Strike 0-1: Foul Ball, location: 2F 0-2: Strikes out looking
|
|
Batting: LHB Zachary DeLuca
|
0-0: Called Strike 0-1: Swinging Strike 0-2: Ball 1-2: Foul Ball, location: 2F 1-2: Ball 2-2: Strikes out looking
|
|
Batting: SHB Rich Muniz
|
0-0: Ball 1-0: Ground out U3 (Groundball, 34S, EV 85.6 MPH)
|
| Bottom of the 3rd over - 0 runs, 0 hits, 0 errors, 0 left on base; Jackson 0 - Midland 1 |
| TOP OF THE 4TH |
|
Jackson Generals batting - Pitching for Midland RockHounds : RHP John Barney
|
|
Batting: RHB Josh Ruhl
|
0-0: Ball 1-0: Called Strike 1-1: Ball 2-1: Ground out 5-3 (Groundball, 56, EV 83.1 MPH)
|
|
Batting: LHB Tom Reynolds
|
0-0: Ball 1-0: Swinging Strike 1-1: Called Strike 1-2: Ball 2-2: Ground out 6-3 (Groundball, 6, EV 92.5 MPH)
|
|
Batting: LHB Jawad Fahad
|
0-0: Ball 1-0: Foul Ball, location: 2F 1-1: Ground out 4-3 (Groundball, 4, EV 100.0 MPH)
|
| Top of the 4th over - 0 runs, 0 hits, 0 errors, 0 left on base; Jackson 0 - Midland 1 |
| BOTTOM OF THE 4TH |
|
Midland RockHounds batting - Pitching for Jackson Generals : RHP Justin Wilkins
|
|
Batting: LHB John Shults
|
0-0: Ball 1-0: Called Strike 1-1: Foul Ball, location: 2F 1-2: DOUBLE (Line Drive, 7LS, EV 97.5 MPH)
|
|
Batting: RHB Luis Restrepo
|
0-0: Called Strike 0-1: Ball 1-1: Ground out 6-3 (Groundball, 6, EV 106.9 MPH)
|
|
Batting: RHB Danny Heikkila
|
0-0: Ball 1-0: Ball 2-0: Ground out 5-3 (Groundball, 56S, EV 85.0 MPH)
|
|
Batting: RHB Eduardo Chavez
|
0-0: Ball 1-0: Called Strike 1-1: Swinging Strike 1-2: Ball 2-2: Ball 3-2: Strikes out swinging
|
| Bottom of the 4th over - 0 runs, 1 hit, 0 errors, 1 left on base; Jackson 0 - Midland 1 |
| TOP OF THE 5TH |
|
Jackson Generals batting - Pitching for Midland RockHounds : RHP John Barney
|
|
Batting: RHB Micah Roth
|
0-0: Called Strike 0-1: Fly out, F8 (Line Drive, 8RM, EV 99.4 MPH)
|
|
Batting: SHB Tony de Lara
|
0-0: Called Strike 0-1: Foul Ball, location: 2F 0-2: Ball 1-2: Ball 2-2: SINGLE (Groundball, 34D, EV 98.1 MPH)
|
|
Batting: RHB Salvador Avina
|
0-0: Foul Ball, location: 2F 0-1: Ball 1-1: Called Strike Tony de Lara steals 2nd base (no throw) 1-2: Fly out, F5 (Popup, 56, EV 80.0 MPH)
|
|
Batting: RHB Clay Statum
|
0-0: Ball 1-0: Fly out, F8 (Flyball, 8LD, EV 86.9 MPH)
|
| Top of the 5th over - 0 runs, 1 hit, 0 errors, 1 left on base; Jackson 0 - Midland 1 |
| BOTTOM OF THE 5TH |
|
Midland RockHounds batting - Pitching for Jackson Generals : RHP Justin Wilkins
|
|
Batting: RHB Carlos Ballesteros
|
0-0: Swinging Strike 0-1: Ball 1-1: Called Strike 1-2: Ball 2-2: Strikes out swinging, 2-3 out at first.
|
|
Batting: RHB Armando Estrada
|
0-0: SINGLE (Groundball, 56S, EV 71.9 MPH) (infield hit)
|
|
Batting: SHB Ian Finley
|
0-0: Ball 1-0: Ball Passed Ball! Armando Estrada to second 2-0: Ground out 1-3 (Groundball, P, EV 65.6 MPH) Armando Estrada to third
|
|
Batting: LHB Zachary DeLuca
|
0-0: Ball 1-0: Ball 2-0: SINGLE (Line Drive, 8RS, EV 95.0 MPH) Armando Estrada scores
|
|
Batting: SHB Rich Muniz
|
0-0: Ball 1-0: Ball 2-0: Ground out U3 (Groundball, 3, EV 81.2 MPH)
|
| Bottom of the 5th over - 1 run, 2 hits, 0 errors, 1 left on base; Jackson 0 - Midland 2 |
| TOP OF THE 6TH |
|
Jackson Generals batting - Pitching for Midland RockHounds : RHP John Barney
|
|
Batting: RHB Matt Berkley
|
0-0: Ball 1-0: Foul Ball, location: 2F 1-1: Foul Ball, location: 2F 1-2: Strikes out looking
|
|
Batting: RHB Sean Peake
|
0-0: Foul Ball, location: 2F 0-1: Ball 1-1: Called Strike 1-2: Ball 2-2: Ball 3-2: DOUBLE (Groundball, 5L, EV 93.8 MPH)
|
|
Batting: RHB Josh Ruhl
|
0-0: Foul Ball, location: 2F 0-1: Fly out, F8 (Flyball, 8RD, EV 91.2 MPH)
|
|
Batting: LHB Tom Reynolds
|
0-0: Ball 1-0: Fly out, F8 (Line Drive, 8LM, EV 91.2 MPH)
|
| Top of the 6th over - 0 runs, 1 hit, 0 errors, 1 left on base; Jackson 0 - Midland 2 |
| BOTTOM OF THE 6TH |
|
Midland RockHounds batting - Pitching for Jackson Generals : RHP Justin Wilkins
|
|
Batting: LHB John Shults
|
0-0: Foul Ball, location: 2F 0-1: Ball 1-1: DOUBLE (Flyball, 89D, EV 90.6 MPH)
|
|
Batting: RHB Luis Restrepo
|
0-0: Intentional Walk
|
|
Batting: RHB Danny Heikkila
|
0-0: Called Strike 0-1: Ball 1-1: Ball 2-1: Ball 3-1: SINGLE (Groundball, 6MD, EV 103.8 MPH) John Shults to third Luis Restrepo to second
|
|
Batting: RHB Eduardo Chavez
|
0-0: Called Strike 0-1: Ball 1-1: SINGLE (Groundball, 56, EV 97.5 MPH) John Shults scores Luis Restrepo to third Danny Heikkila to second
|
|
Batting: RHB Carlos Ballesteros
|
0-0: Ball 1-0: Swinging Strike 1-1: Foul Ball, location: 2F 1-2: Grounds into fielders choice 5-2 (Groundball, 56S, EV 71.2 MPH) Danny Heikkila to third Eduardo Chavez to second
|
|
Pitching: RHP Settan Suzuki
|
|
|
Batting: RHB Armando Estrada
|
0-0: Called Strike 0-1: SINGLE (Line Drive, 6M, EV 95.0 MPH) Danny Heikkila scores Eduardo Chavez to third Carlos Ballesteros to second
|
|
Batting: SHB Ian Finley
|
0-0: Ball 1-0: Foul Ball, location: 2F 1-1: Swinging Strike 1-2: Ball 2-2: Ball 3-2: Fly out, F7 (Flyball, 78M, EV 81.2 MPH)
|
|
Batting: LHB Zachary DeLuca
|
0-0: Ball 1-0: Called Strike 1-1: Ball 2-1: SINGLE (Line Drive, 89S, EV 89.4 MPH) Eduardo Chavez scores Carlos Ballesteros to third Armando Estrada to second Runner from 3rd tries for Home, SAFE, throw by RF to home
|
|
Batting: SHB Rich Muniz
|
0-0: Fly out, F7 (Flyball, 7D, EV 96.9 MPH)
|
| Bottom of the 6th over - 4 runs, 5 hits, 0 errors, 2 left on base; Jackson 0 - Midland 6 |
| TOP OF THE 7TH |
|
Jackson Generals batting - Pitching for Midland RockHounds : RHP John Barney
|
|
Batting: LHB Jawad Fahad
|
0-0: Ball 1-0: Ball 2-0: Ground out 4-3 (Groundball, 4, EV 104.4 MPH)
|
|
Batting: RHB Micah Roth
|
0-0: Called Strike 0-1: Called Strike 0-2: Strikes out swinging
|
|
Batting: SHB Tony de Lara
|
0-0: Foul Ball, location: 2F 0-1: DOUBLE (Groundball, 5L, EV 95.6 MPH)
|
|
Batting: RHB Salvador Avina
|
0-0: Ball 1-0: Called Strike 1-1: Foul Ball, location: 2F 1-2: Ground out 6-3 (Groundball, 6MS, EV 85.6 MPH)
|
| Top of the 7th over - 0 runs, 1 hit, 0 errors, 1 left on base; Jackson 0 - Midland 6 |
| BOTTOM OF THE 7TH |
|
Midland RockHounds batting - Pitching for Jackson Generals : RHP Settan Suzuki
|
|
Batting: LHB John Shults
|
0-0: Ball 1-0: Called Strike 1-1: Ground out 4-3 (Groundball, 4M, EV 105.0 MPH)
|
|
Batting: RHB Luis Restrepo
|
0-0: Called Strike 0-1: Swinging Strike 0-2: Ball 1-2: Foul Ball, location: 2F 1-2: Strikes out swinging
|
|
Batting: RHB Danny Heikkila
|
0-0: Called Strike 0-1: Ball 1-1: Swinging Strike 1-2: Ball 2-2: Strikes out swinging
|
| Bottom of the 7th over - 0 runs, 0 hits, 0 errors, 0 left on base; Jackson 0 - Midland 6 |
| TOP OF THE 8TH |
|
Jackson Generals batting - Pitching for Midland RockHounds : RHP John Barney
|
|
Batting: RHB Clay Statum
|
0-0: Called Strike 0-1: Foul Ball, location: 2F 0-2: Ball 1-2: Ball 2-2: Ground out 6-3 (Groundball, 4M, EV 106.2 MPH)
|
|
Batting: RHB Matt Berkley
|
0-0: Foul Ball, location: 2F 0-1: Ball 1-1: Foul Ball, location: 2F 1-2: Ball 2-2: Strikes out looking
|
|
Batting: RHB Sean Peake
|
0-0: Foul Ball, location: 2F 0-1: Swinging Strike 0-2: Ball 1-2: Strikes out swinging
|
| Top of the 8th over - 0 runs, 0 hits, 0 errors, 0 left on base; Jackson 0 - Midland 6 |
| BOTTOM OF THE 8TH |
|
Midland RockHounds batting - Pitching for Jackson Generals : RHP Settan Suzuki
|
|
Batting: RHB Eduardo Chavez
|
0-0: Called Strike 0-1: Ball 1-1: Ball 2-1: Ground out U3 (Groundball, 34, EV 101.9 MPH)
|
|
Batting: RHB Carlos Ballesteros
|
0-0: Ground out U3 (Groundball, 3S, EV 78.1 MPH)
|
|
Batting: RHB Armando Estrada
|
0-0: Hit by Pitch
|
|
Batting: SHB Ian Finley
|
0-0: Ball 1-0: Foul Ball, location: 2F 1-1: Foul Ball, location: 2F 1-2: Ball 2-2: SINGLE (Groundball, 34D, EV 95.6 MPH) Armando Estrada to second Runner from 2nd tries for 3rd, SAFE, throw by RF made to third
|
|
Batting: LHB Zachary DeLuca
|
0-0: Ball 1-0: Swinging Strike 1-1: Swinging Strike 1-2: Ball 2-2: SINGLE (Groundball, 34S, EV 66.2 MPH) (infield hit) Armando Estrada scores Ian Finley to second
|
|
Batting: SHB Rich Muniz
|
0-0: Ball 1-0: Ball 2-0: Fly out, F7 (Flyball, 7LMF, EV 103.1 MPH)
|
| Bottom of the 8th over - 1 run, 2 hits, 0 errors, 2 left on base; Jackson 0 - Midland 7 |
| TOP OF THE 9TH |
|
Jackson Generals batting - Pitching for Midland RockHounds : RHP John Barney
|
|
Batting: RHB Josh Ruhl
|
0-0: Foul Ball, location: 2F 0-1: Ball 1-1: Ball 2-1: Ball 3-1: Ground out 5-3 (Groundball, 56S, EV 92.5 MPH)
|
|
Batting: LHB Tom Reynolds
|
0-0: Called Strike 0-1: Ball 1-1: Called Strike 1-2: Strikes out swinging
|
|
Batting: LHB Jawad Fahad
|
0-0: Ball 1-0: Swinging Strike 1-1: Foul Ball, location: 2F 1-2: Strikes out swinging
|
| Top of the 9th over - 0 runs, 0 hits, 0 errors, 0 left on base; Jackson 0 - Midland 7 |
|